 Dungeon Crawl Stone Soup version 0.17-a0-1678-g710b578 (webtiles) character file.

30 Nakatomy the Firebug (level 3, -6/19 HPs)
             Began as a Deep Elf Fire Elementalist on Aug 19, 2015.
             Killed by nerve-wracking pain
             ... invoked by Jessica
              (14 damage)
             ... on level 2 of the Dungeon.
             The game lasted 00:06:00 (869 turns).

Nakatomy the Firebug (Deep Elf Fire Elementalist)    Turns: 869, Time: 00:06:00

Health: -6/19      AC:  2    Str:  5    XL:     3   Next: 5%
Magic:  4/9        EV: 13    Int: 20    God:
Gold:   39         SH:  0    Dex: 15    Spells: 1 memorised, 7 levels left

rFire  . . .     SeeInvis .     h - +0 dagger
rCold  . . .     Clarity  .     a - +0 robe
rNeg   . . .     SustAt   .     (no shield)
rPois  .         Gourm    .     (no helmet)
rElec  .         Spirit   .     (no cloak)
rCorr  .         Warding  .     (no gloves)
rMut   .         Stasis   .     (no boots)
MR     .....                    (no amulet)
Stlth  ++........               (no ring)
                                (no ring)

@: very slightly contaminated, not resistant to hostile enchantments, unstealthy
A: no striking features
a: no special abilities


You were on level 2 of the Dungeon.
You were not hungry.

You visited 1 branch of the dungeon, and saw 2 of its levels.

You collected 39 gold pieces.

Inventory:

Hand weapons
 h - a +0 dagger (weapon)
Armour
 a - a +0 robe (worn)
Scrolls
 d - 2 scrolls of identify {unknown}
 e - a scroll of magic mapping {unknown}
 i - 2 scrolls of fog {unknown}
 j - a scroll of remove curse {unknown}
 l - a scroll of enchant weapon {unknown}
 n - a scroll of teleportation {unknown}
Potions
 g - a potion of cancellation {unknown}
 k - a potion of brilliance {unknown}
 m - a potion of flight {unknown}
Books
 b - a book of Flames

   Spells                             Type                      Level
   a - Flame Tongue                   Conjuration/Fire             1
   b - Throw Flame                    Conjuration/Fire             2
   c - Conjure Flame                  Conjuration/Fire             3
   d - Inner Flame                    Hexes/Fire                   3
   e - Sticky Flame                   Conjuration/Fire             4
   f - Fireball                       Conjuration/Fire             5
Comestibles
 c - a bread ration
 f - a chunk of flesh


   Skills:
 - Level 2.4 Dodging
 - Level 2.4 Stealth
 - Level 3.0 Spellcasting
 - Level 1.1 Conjurations
 + Level 4.6 Fire Magic


You had 7 spell levels left.
You knew the following spells:

 Your Spells              Type           Power        Failure   Level  Hunger
a - Flame Tongue          Conj/Fire      ##...        4%          1    None


Dungeon Overview and Level Annotations

Branches:
Dungeon (2/15)

Altars:

Annotations:
D:2 Jessica


Message History

Aim: a jackal (severely wounded)
The flame tongue hits the jackal.
You kill the jackal!
You start resting.
Casting: Flame Tongue
Confirm with . or Enter, or press ? or * to list all spells.
You can't see any susceptible monsters within range! (Use Z to cast anyway.) Jessica the Apprentice Sorceress comes into view.
Jessica gestures at you while chanting. Pain shoots through your body!
Jessica casts a spell.
Jessica seems to speed up.
Casting: Flame Tongue
Confirm with . or Enter, or press ? or * to list all spells.
You can't see any susceptible monsters within range! (Use Z to cast anyway.) Unknown command.
Jessica points at you and mumbles some strange words.
Pain shoots through your body!
Ouch! That really hurt!
You die...

...#######.#######.#
##.<..#....# #.#
####.#.#### #.# # #.# .
###.# ##. #####@..####
...............#
#.#######.####.## # #.#
#@###...##
#.###.#######.##.....##
#.r...†................#
....#..###..............#
# #..# ###...###......#
#..# #...# #####.## #.%#
#...# .# #..# #...# #
..... ....#


You could see Jessica.

Vanquished Creatures
  2 ball pythons (D:1)
  A bat (D:1)
  4 goblins (D:1)
  6 hobgoblins (D:1)
  5 giant cockroaches
  2 giant geckos (D:1)
  A giant newt (D:1)
  2 jackals (D:2)
  A kobold (D:1)
  3 rats
27 creatures vanquished.

Notes
Turn   | Place    | Note
--------------------------------------------------------------
     0 | D:1      | Nakatomy the Deep Elf Fire Elementalist began the quest for the Orb.
     0 | D:1      | Reached XP level 1. HP: 10/10 MP: 6/6
   242 | D:1      | Reached skill level 4 in Fire Magic
   242 | D:1      | Reached XP level 2. HP: 15/15 MP: 2/8
   823 | D:2      | Reached XP level 3. HP: 19/19 MP: 7/9
   867 | D:2      | Noticed Jessica
   869 | D:2      | Killed from afar by Jessica

Vault maps used:
D:1:      lightli_arrival_boilingwater, wad_floor_pattern_untrapped,
          kennysheep_nondescript, serial_bayou_pond_a, minmay_misc_feat_columns
D:2:      minivault_19, moated_statue, uniq_jessica

Action                   || total
-------------------------++-------
 Cast: Flame Tongue      ||    48
